General information
- name: BNet
- type: Ladder 1vs1/FFA
- host: Battle.net
- saver: HERNANDO
map: GnollWood
- players: 2
- length: 33:59
- speed: Fast
- version: 1.21 W3XP
- replay type: Public
» download(89 KB)
Players
team 1 (winner)
HERNANDO (
teal | 57 APM | 1944 actions | 33:59)
5 Mountain King
3 Storm Bolt
2 Bash
4 Blood Mage
2 Flame Strike
2 Siphon Mana
3 Paladin
1 Holy Light
2 Divine Shield
» actions
| Assign group hotkey | 13 | |
| Basic commands | 50 | |
| Build / train | 109 | |
| Enter build submenu | 48 | |
| Enter hero's abilities submenu | 12 | |
| Remove unit from queue | 4 | |
| Right click | 701 | |
| Select / deselect | 528 | |
| Select group hotkey | 306 | |
| Use ability | 173 | |
1944 total
» units
| Peasant | 18 | |
| Mortar Team | 5 | |
| Sorceress | 5 | |
| Flying Machine | 12 | |
40 total
» upgrades
| Masonry | 3 | |
| Lumber Harvesting | 2 | |
| Magic Sentry | 1 | |
| Sorceress Training | 2 | |
| Gunpowder | 3 | |
| Flare | 1 | |
| Fragmentation Shards | 1 | |
| Flak Cannons | 1 | |
| Flying Machine Bombs | 1 | |
| Armor | 3 | |
| Plating | 3 | |
| Priest Training | 2 | |
| Swords | 1 | |
24 total
» buildings
| Altar of Kings | 1 | |
| Farm | 10 | |
| Scout Tower | 28 | |
| Lumber Mill | 3 | |
| Guard Tower | 14 | |
| Arcane Vault | 1 | |
| Keep | 1 | |
| Town Hall | 3 | |
| Blacksmith | 1 | |
| Workshop | 3 | |
| Arcane Sanctum | 2 | |
| Castle | 1 | |
| Arcane Tower | 2 | |
70 total
» build order
00:13 Altar of Kings
00:20 Farm
01:12 Scout Tower
01:13 Scout Tower
01:23 Lumber Mill
01:31 Scout Tower
01:32 Scout Tower
01:47 Scout Tower
01:48 Scout Tower
01:49 Scout Tower
01:57 Farm
02:00 Scout Tower
02:21 Guard Tower
02:36 Guard Tower
02:53 Guard Tower
02:57 Scout Tower
03:07 Guard Tower
03:23 Guard Tower
03:28 Scout Tower
03:38 Guard Tower
03:56 Guard Tower
04:01 Arcane Vault
04:07 Guard Tower
04:23 Scout Tower
04:24 Scout Tower
04:25 Scout Tower
05:02 Keep
05:03 Guard Tower
05:47 Town Hall
05:55 Guard Tower
06:01 Blacksmith
06:35 Farm
06:37 Farm
06:37 Farm
06:43 Scout Tower
06:44 Scout Tower
06:44 Scout Tower
06:45 Scout Tower
07:28 Workshop
07:32 Arcane Sanctum
07:58 Workshop
08:05 Farm
08:47 Scout Tower
08:49 Scout Tower
08:50 Scout Tower
09:12 Farm
09:13 Farm
09:13 Farm
09:45 Guard Tower
10:10 Guard Tower
10:59 Scout Tower
11:01 Scout Tower
11:02 Scout Tower
11:02 Scout Tower
11:33 Scout Tower
11:34 Scout Tower
11:35 Scout Tower
11:36 Scout Tower
11:42 Castle
12:34 Guard Tower
13:00 Lumber Mill
13:08 Lumber Mill
13:32 Arcane Tower
14:55 Arcane Tower
17:32 Town Hall
19:40 Guard Tower
21:11 Arcane Sanctum
27:37 Town Hall
29:47 Workshop
30:44 Farm
» items
| Potion of Healing | 3 | |
| Staff of Sanctuary | 2 | |
| Scroll of Town Portal | 2 | |
| Scroll of Regeneration | 2 | |
9 total
team 2 (loser)
antom (
orange | 38 APM | 1283 actions | 33:57)
4 Demon Hunter
2 Immolation
2 Evasion
» actions
| Assign group hotkey | 9 | |
| Basic commands | 30 | |
| Build / train | 91 | |
| Enter build submenu | 45 | |
| Enter hero's abilities submenu | 4 | |
| Give item / drop item | 4 | |
| Right click | 607 | |
| Select / deselect | 430 | |
| Use ability | 63 | |
1283 total
» units
| Wisp | 31 | |
| Archer | 21 | |
| Hippogryph | 14 | |
| Mountain Giant | 1 | |
| Dryad | 3 | |
70 total
» upgrades
| Hippogryph Taming | 1 | |
| Abolish Magic | 1 | |
| Reinforced Hides | 1 | |
| Improved Bows | 1 | |
| Resistant Skin | 1 | |
| Strength of the Wild | 1 | |
6 total
» buildings
| Ancient of War | 2 | |
| Altar of Elders | 2 | |
| Moon Well | 10 | |
| Hunter's Hall | 1 | |
| Tree of Ages | 2 | |
| Ancient Protector | 8 | |
| Ancient of Wonders | 2 | |
| Ancient of Wind | 2 | |
| Ancient of Lore | 2 | |
| Tree of Life | 3 | |
| Tree of Eternity | 2 | |
36 total
» build order
00:08 Ancient of War
00:15 Altar of Elders
00:24 Moon Well
02:00 Hunter's Hall
03:34 Tree of Ages
03:39 Ancient Protector
03:45 Ancient Protector
04:10 Ancient Protector
04:30 Ancient Protector
05:08 Ancient of Wonders
06:02 Ancient of Wind
06:37 Moon Well
07:25 Ancient of Lore
09:21 Moon Well
10:54 Tree of Life
11:06 Ancient Protector
11:13 Ancient Protector
14:45 Tree of Eternity
17:22 Tree of Life
17:27 Ancient of War
17:40 Tree of Ages
17:54 Moon Well
18:57 Moon Well
19:25 Moon Well
21:30 Ancient of Wind
23:22 Ancient of Lore
23:27 Tree of Life
24:28 Moon Well
25:22 Moon Well
25:58 Ancient of Wonders
26:34 Moon Well
27:05 Altar of Elders
28:17 Tree of Eternity
31:44 Moon Well
32:57 Ancient Protector
33:02 Ancient Protector
» items
| Potion of Healing | 3 | |
| Scroll of Healing | 1 | |
| Potion of Lesser Invulnerability | 1 | |
| Orb of Venom | 1 | |
6 total
Chat log
(16:38 / All) HERNANDO: i can leave if u want the win
(33:53 / All) antom: gg